 Dungeon Crawl Stone Soup version 0.29.1-1-gd02db6906a (webtiles) character file.

Game seed: 7126285065910100742

5270 Colgate the Frost Mage (level 10, -9/80 HPs)
             Began as a Barachi Ice Elementalist on Oct 9, 2022.
             Was an Elder of Makhleb.
             Mangled by a boulder beetle (32 damage)
             ... on level 9 of the Dungeon.
             The game lasted 00:44:44 (12191 turns).

Colgate the Frost Mage (Barachi Ice Elementalist)  Turns: 12191, Time: 00:44:45

Health: -9/80      AC: 19    Str: 11    XL:     10   Next: 62%
Magic:  2/15       EV: 13    Int: 19    God:    Makhleb [****..]
Gold:   678        SH:  0    Dex: 12    Spells: 0/15 levels left

rFire   . . .      SeeInvis .   a - +8 spear of Tefurehe {vorpal, rN+}
rCold   + . .      Faith    .   (no shield)
rNeg    + . .      Spirit   .   p - +0 robe
rPois   .          Reflect  .   l - +1 hat
rElec   .          Harm     .   s - +1 cloak
rCorr   .          Rampage  .   n - +0 pair of gloves
Will    .....                   g - +2 pair of boots
Stlth   ++........              (no amulet)
HPRegen 0.23/turn               j - ring of ice
MPRegen 0.14/turn               o - ring of protection from fire

@: ice-armoured, unable to hop, slow
A: amphibious, slowness 1, strong legs 1, +LOS
a: Hop, Renounce Religion, Minor Destruction, Lesser Servant of Makhleb, Major
Destruction


You were on level 9 of the Dungeon.
You worshipped Makhleb.
Makhleb was greatly pleased with you.
You visited 2 branches of the dungeon, and saw 10 of its levels.
You also visited: Bailey.

You collected 678 gold pieces.

Inventory:

Hand Weapons
 a - the +8 spear of Tefurehe (weapon) {vorpal, rN+}
   (You found it on level 8 of the Dungeon)

   It inflicts extra damage upon your enemies.
   rN:        It protects you from negative energy.
 b - a +0 arbalest
 f - a +1 spear of venom
 I - a +2 morningstar
 L - a +1 great sword of holy wrath
 M - a +0 bardiche
 N - a +0 glaive
Armour
 g - a +2 pair of boots (worn)
 l - a +1 hat (worn)
 n - a +0 pair of gloves (worn)
 p - a +0 robe (worn)
 s - a +1 cloak (worn)
Jewellery
 j - a ring of ice (left hand)
 o - a ring of protection from fire (right hand)
 C - a +6 ring of strength
Wands
 y - a wand of charming (14)
 D - a wand of flame (29)
 G - a wand of roots (10) {@v2}
 O - a wand of mindburst (2)
Scrolls
 e - 2 scrolls of amnesia
 k - 2 scrolls of enchant weapon
 m - 3 scrolls of magic mapping {@r5}
 r - 2 scrolls of noise
 t - 3 scrolls of vulnerability {unknown}
 u - 5 scrolls of poison {unknown}
 v - 4 scrolls of fear {unknown}
 E - 3 scrolls of teleportation {unknown}
 F - a scroll of immolation {unknown}
 K - 2 scrolls of butterflies {unknown}
Potions
 c - 5 potions of curing {@q1}
 d - 2 potions of brilliance
 h - 3 potions of degeneration
 i - 3 potions of might {@q3}
 q - a potion of attraction
 w - a potion of ambrosia {unknown}
 x - 3 potions of berserk rage
 z - a potion of heal wounds {@q2}
 A - 3 potions of haste {@q4}
 B - a potion of cancellation {unknown}
 H - 2 potions of magic
Miscellaneous
 J - a condenser vane


   Skills:
 - Level 7.9 Fighting
 - Level 3.5 Dodging
 - Level 1.7 Stealth
 - Level 3.3 Spellcasting
 - Level 7.1 Conjurations
 - Level 5.0 Summonings
 + Level 11.4 Ice Magic
 - Level 2.8 Invocations
 - Level 6.0 Evocations


You couldn't memorise any spells.
You knew the following spells:

 Your Spells              Type           Power      Damage    Failure   Level
a - Freeze                Ice            100%       1d11      1%          1
b - Frozen Ramparts       Ice            100%       1d16      1%          3
c - Ozocubu's Armour      Ice            63%        N/A       1%          3
d - Hailstorm             Conj/Ice       55%        3d12      3%          4
e - Summon Ice Beast      Ice/Summ       51%        N/A       4%          4

Your spell library contained the following spells:

 Spells                   Type           Power      Damage    Failure   Level
 Magic Dart               Conj           100%       1d8       1%          1
 Summon Small Mammal      Summ           88%        N/A       1%          1
 Searing Ray              Conj           60%        2d6       1%          2
 Call Canine Familiar     Summ           22%        N/A       5%          3
 Sting                    Tmut/Pois      12%        1d3       14%         1
 Ice Form                 Ice/Tmut       37%        N/A       14%         4
 Summon Guardian Golem    Hex/Summ       12%        N/A       16%         3
 Poisonous Vapours        Pois/Air       6%         N/A       22%         2
 Fulminant Prism          Conj/Hex       8%         3d7       32%         4
 Olgreb's Toxic Radiance  Pois           3%         N/A       82%         4


Dungeon Overview and Level Annotations

Branches:
Dungeon (9/15)             Temple (1/1) D:7          Bailey (visited)
   Lair: D:8-11         Orc: D:9-12

Altars:
Ashenzari
Cheibriados
Elyvilon
Fedhas
Kikubaaqudgha
Makhleb
Nemelex Xobeh
Okawaru
Qazlal
Sif Muna
Trog
Vehumet
Wu Jian
Xom
Yredelemnul
Zin
The Shining One

Shops:
D:3 (


Innate Abilities, Weirdness & Mutations

You are amphibious.
You cover ground slowly.
You can hop short distances.
You have an extended range of vision and can be seen from far away.


Message History

Anything else - Cancel.
Gang up on whom?
Aim: a boulder beetle (severely wounded, not watching you, ally target) Attack!
The boulder beetle leaps!
You start resting.
A boulder beetle is nearby!
Your icy armour evaporates.
The boulder beetle curls into a ball and begins rolling!
Your ice beast disappears in a puff of smoke!
Hop to where?
Boing!
Casting: Summon Ice Beast (dangerous; 4% risk of failure)
You feel a surge of power! A film of ice covers your body!
The boulder beetle hits you!!
The boulder beetle stops rolling and uncurls.
You hit the boulder beetle but do no damage.
The boulder beetle closely misses you. The boulder beetle barely misses you.
You hit the boulder beetle but do no damage.
The boulder beetle bites you but does no damage.
You hit the boulder beetle. The boulder beetle bites you.
You hit the boulder beetle but do no damage.
The boulder beetle leaps!
Your icy armour will break if you move.
Continue? [Y]es or [N]o only, please.
Your icy armour will break if you move.
Continue?
Okay, then.
Aiming: Minor Destruction (4% risk of failure)
Okay, then.
The boulder beetle curls into a ball and begins rolling!
A demon appears!
Aiming: Minor Destruction (4% risk of failure)
Aim: a boulder beetle (severely wounded, rolling, ally target)
The glob of acid hits the boulder beetle but does no damage.
The acid splashes onto your neqoxec!
Your neqoxec is splashed with acid.
The acid corrodes your neqoxec!
Aiming: Minor Destruction (4% risk of failure)
Aim: a boulder beetle (severely wounded, rolling, ally target)
The zap hits the boulder beetle but does no damage. x2
The zap misses you. The boulder beetle hits you!!
You die...

.......# ######.# #
#.####...# # #......... ..+
###.######## #.# ####...#
###.# #....#.# #...# #
..####.# #...# $##
..####.#########@..## ...#
.................B3.## ...#
#.####.###########°..#8..8#..
#.# #.# #.......°.).......
..# ##.### #......#.#.#######
#####....# #......#.#.#
.......#.# #..○...#.#.#
######.#.###......#°#.#
.......#...(..........#


You could see a boulder beetle (rolling, ally target) and a friendly neqoxec
(summoned, corroded).

Vanquished Creatures
  An orc knight (Bailey)
  A hornet (D:7)
  Grinder (D:4)
  A wyvern (D:9)
  2 wraiths
  Menkaure (D:5)
  Edmund (D:4)
  A water moccasin (D:5)
  An ice beast (D:7)
  12 orc warriors
  A sky beast (D:7)
  A black bear (D:8)
  An ogre (D:6)
  A centaur (D:7)
  2 phantoms
  2 kobold brigands (D:9)
  A bullfrog (D:7)
  4 necrophages
  7 wights
  7 killer bees
  A human zombie (D:4)
  A jelly (D:5)
  A hound (D:4)
  3 orc priests
  A scorpion zombie (D:4)
  5 iguanas
  6 orc wizards
  A hound zombie (D:4)
  2 mummies (D:4)
  4 adders
  7 gnolls (D:4)
  3 shadow imps
  2 adder zombies (D:4)
  3 dart slugs (D:4)
  36 orcs
  5 ball pythons
  3 bats
  6 endoplasms
  2 giant cockroaches
  4 goblins
  10 hobgoblins
  5 jackals
  19 kobolds
  3 quokkas (D:4)
  8 frilled lizards
  5 rats
195 creatures vanquished.

Vanquished Creatures (collateral kills)
  A killer bee (D:8)
1 creature vanquished.

Grand Total: 196 creatures vanquished

Notes
Turn   | Place    | Note
-------+----------+-------------------------------------------
     0 | D:1      | Colgate the Barachi Ice Elementalist began the quest for
                  | the Orb.
     0 | D:1      | Reached XP level 1. HP: 13/13 MP: 3/3
   114 | D:1      | Reached skill level 5 in Ice Magic
   263 | D:1      | Reached XP level 2. HP: 12/19 MP: 0/5
   530 | D:1      | Found a faded altar of an unknown god.
   539 | D:1      | Prayed at the altar of an unknown god.
   539 | D:1      | Became a worshipper of Makhleb the Destroyer
   539 | D:1      | Reached * piety under Makhleb
   787 | D:1      | Reached XP level 3. HP: 24/24 MP: 4/6
   880 | D:1      | Reached skill level 6 in Ice Magic
   953 | D:1      | Learned a level 3 spell: Frozen Ramparts
  1590 | D:2      | Reached ** piety under Makhleb
  1594 | D:2      | Reached XP level 4. HP: 30/30 MP: 3/7
  1746 | D:2      | Learned a level 3 spell: Ozocubu's Armour
  2225 | D:3      | Found Viorea's Antique Weapon Boutique.
  2225 | D:3      | You fall into a shaft and drop 1 floor!
  2575 | D:4      | Reached skill level 7 in Ice Magic
  2583 | D:4      | Reached XP level 5. HP: 27/35 MP: 5/8
  2881 | D:4      | Reached XP level 6. HP: 40/41 MP: 1/9
  3075 | D:4      | Found a stormy altar of Qazlal.
  3120 | D:4      | Noticed Edmund
  3200 | D:4      | Noticed Grinder
  3222 | D:4      | Killed Grinder
  3223 | D:4      | Reached XP level 7. HP: 33/46 MP: 1/10
  3467 | D:4      | Reached skill level 1 in Invocations
  3715 | D:4      | Killed Edmund
  3716 | D:4      | Reached skill level 8 in Ice Magic
  3792 | D:4      | Reached *** piety under Makhleb
  4011 | D:4      | Reached XP level 8. HP: 39/52 MP: 8/12
  4102 | D:4      | Learned a level 4 spell: Hailstorm
  4326 | D:4      | Found an ancient bone altar of Kikubaaqudgha.
  4570 | D:4      | Found a stormy altar of Qazlal.
  4857 | D:5      | Entered Level 5 of the Dungeon
  4970 | D:5      | Noticed Menkaure
  4977 | D:5      | Killed Menkaure
  5300 | D:5      | Reached skill level 1 in Fighting
  5634 | D:5      | Found a white marble altar of Elyvilon.
  6149 | D:5      | Found a glowing silver altar of Zin.
  6467 | D:6      | Found the +6 lightning scales {swift, rElec}
  6490 | D:6      | Reached skill level 5 in Fighting
  7496 | D:7      | Reached XP level 9. HP: 67/71 MP: 2/14
  8091 | D:7      | Reached skill level 1 in Evocations
  8290 | D:7      | Noticed a hornet
  8294 | D:7      | Killed a hornet
  8398 | D:7      | Found a staircase to the Ecumenical Temple.
  8407 | Temple   | Entered the Ecumenical Temple
  8923 | D:8      | Reached skill level 5 in Evocations
  8939 | D:8      | Found a flagged portal.
  8952 | D:8      | Identified the +8 spear of Tefurehe {vorpal, rN+}
  9041 | Bailey   | Entered a bailey
  9064 | Bailey   | Reached **** piety under Makhleb
  9224 | Bailey   | Reached XP level 10. HP: 35/80 MP: 6/15
  9655 | Bailey   | Reached skill level 5 in Summonings
 10032 | Bailey   | Noticed an orc knight
 10106 | Bailey   | Killed an orc knight
 10107 | Bailey   | Reached skill level 9 in Ice Magic
 10491 | Bailey   | Learned a level 4 spell: Summon Ice Beast
 10513 | D:8      | Found a sparkling altar of Nemelex Xobeh.
 10583 | D:8      | Reached skill level 10 in Ice Magic
 11844 | D:9      | Reached skill level 11 in Ice Magic
 12132 | D:9      | Noticed a boulder beetle
 12191 | D:9      | Mangled by a boulder beetle

Illustrated notes

Levels and vault maps discovered:
D:1:      zaba_arrival_water, layout_loops_ring, ebering_ecumenical_altar_hall
D:2:      layout_rooms, amethyst_killhole, guppyfry_early_orc_mine
D:3:      layout_basic, serial_shops, shop, serial_bayou_lagoon_a
D:4:      layout_cave_pools, lemuel_mausoleum_altar_kikubaaqudgha,
          mainiacjoe_overflow_small_starburst, minmay_starry_boxes,
          uniq_grinder, uniq_edmund
D:5:      layout_basic, mainiacjoe_overflow_six_doors_small, lemuel_tele_altar,
          nrook_mini_backslash, minmay_misc_feat_alley, dk_noncrumbling_2,
          minmay_misc_feat_five, uniq_menkaure
D:6:      layout_loops_ring, nicolae_overflow_hidden_temple, roderic_lattice_a
D:7:      layout_rooms, minmay_temple_entry_stoned_glass, minivault_5
D:8:      layout_cave_pods, mainiacjoe_overflow_concentric_impassable,
          enter_bailey_2, serial_park_tiny_1, solitary_fountain
D:9:      layout_basic, jmf_multi_god_temple, chequers_serial_rivers_micro_e
Temple:   nicolae_temple_x_marks_the_god

Skill      XL: |  1  2  3  4  5  6  7  8  9 10 |
---------------+-------------------------------+-----
Ice Magic      | 5 6 7 8 11 | 11.4
Conjurations   | 2 4 6 7 |  7.1
Invocations    | 1 2 |  2.8
Spellcasting   | 3 |  3.3
Fighting       | 6 7 |  7.9
Dodging        | 3 |  3.5
Evocations     | 6 |  6.0
Summonings     | 4 5 |  5.0
Stealth        | |  1.7

Action                   |  1- 3 |  4- 6 |  7- 9 | 10-12 || total
-------------------------+-------+-------+-------+-------++-------
Melee: Unarmed           |    33 |     6 |       |       ||    39
       Spear             |       |    38 |     5 |    24 ||    67
       Punch             |       |     1 |       |       ||     1
 Fire: Arbalest          |       |       |       |     4 ||     4
 Cast: Freeze            |    32 |     1 |       |     2 ||    35
       Frozen Ramparts   |     9 |    14 |    10 |    13 ||    46
       Ozocubu's Armour  |       |     2 |    25 |     7 ||    34
       Hailstorm         |       |       |    32 |    24 ||    56
       Summon Ice Beast  |       |       |       |     2 ||     2
Invok: Minor Destruction |       |    14 |   174 |    43 ||   231
       Lesser Servant of |       |       |       |     2 ||     2
 Abil: Hop               |     1 |     1 |     6 |     6 ||    14
  Use: Scroll            |       |     1 |     9 |     6 ||    16
 Stab: Sleeping          |     1 |       |     4 |     1 ||     6
Armor: Robe              |     7 |    10 |    41 |    19 ||    77
Dodge: Dodged            |    40 |    29 |    92 |    55 ||   216
